 Dungeon Crawl Stone Soup version 0.32-a0-799-g95e1662365 (webtiles) character file.

Game seed: 9974892218314858577

389 Darkkill the Shooter (level 6, -7/53 HPs)
             Began as a Minotaur Hunter on Mar 21, 2024.
             Mangled by an orc
             ... wielding a +0 hand axe
              (9 damage)
             ... on level 4 of the Dungeon.
             The game lasted 00:03:53 (3062 turns).

Darkkill the Shooter (Minotaur Hunter)              Turns: 3062, Time: 00:03:54

Health: -7/53      AC:  6    Str: 16    XL:     6   Next: 50%
Magic:  5/5        EV:  2    Int:  6    God:
Gold:   106        SH:  0    Dex: 15    Spells: 5/5 levels left

rFire   . . .        a - +1 shortbow
rCold   . . .        (shield currently unavailable)
rNeg    . . .        c - +0 leather armour
rPois   .            (helmet restricted)
rElec   .            (no cloak)
rCorr   .            k - +2 pair of gloves
SInv    .            (no boots)
Will    .....        (no amulet)
Stlth   +            (no ring)
HPRegen 0.28/turn    (no ring)
MPRegen 0.09/turn

%: no passive effects
@: confused, about to teleport, sleeping
A: horns 2, retaliatory headbutt
a: Convert to Beogh


You were on level 4 of the Dungeon.
You visited 1 branch of the dungeon, and saw 5 of its levels.

You collected 106 gold pieces.

Inventory:

Hand Weapons
 a - a +1 shortbow (weapon)
Missiles
 d - 3 boomerangs
 f - 25 stones
 g - 12 poisoned darts
 m - 2 throwing nets {=f !f}
Armour
 c - a +0 leather armour (worn)
 k - a +2 pair of gloves (worn)
Jewellery
 e - a ring of resist corrosion
Wands
 r - a wand of roots (7)
Scrolls
 b - a scroll of butterflies
 i - 3 scrolls of identify {@r1}
 j - 3 scrolls of enchant weapon
 q - 2 scrolls of noise
Potions
 h - a potion of mutation
 l - a potion of curing {@q1}
 n - a potion of resistance
 o - a potion of might
 s - a potion of heal wounds {unknown}


   Skills:
 + Level 4.7 Fighting
 + Level 5.7 Ranged Weapons
 + Level 4.2 Dodging
 + Level 3.0 Stealth


You had 5 spell levels left.
You didn't know any spells.
Your spell library was empty.

Dungeon Overview and Level Annotations

Branches:
Dungeon (5/15)
 Temple: D:4-7

Altars:
Makhleb
Uskayaw
The Shining One


Innate Abilities, Weirdness & Mutations

You have a pair of horns on your head.
You reflexively headbutt those who attack you in melee.


Message History

You see here a +1 dagger of flaming.
There is a stone staircase leading down here.
You see here a hobgoblin skeleton.
A ball python comes into view.
You shoot an arrow. The arrow hits the ball python.
The ball python hisses angrily.
The ball python is moderately wounded.
A ball python is nearby!
A ball python is nearby!
You shoot an arrow.
The arrow barely misses the ball python.
A ball python is nearby!
You shoot an arrow. The arrow hits the ball python.
You kill the ball python!
No target in view!
Found a stone staircase leading down and a stone staircase leading up.
No target in view!
There is a stone staircase leading up here.
There is a stone staircase leading up here.
Done exploring.
No target in view!
Done exploring.
No target in view!
Done exploring.
No target in view!
Done exploring.
As you read the scroll labelled ZEECIA NUSHE, it crumbles to dust.
It is a scroll of enchant armour.
Your +0 pair of gloves glows green for a moment.
As you read the scroll labelled JUOBIKHL YJOIMINY, it crumbles to dust.
You feel strangely unstable.
It was a scroll of teleportation.
As you read the scroll of enchant armour, it crumbles to dust.
Your +1 pair of gloves glows green for a while.
Your surroundings suddenly seem different.
You see here a +0 ring mail.
You see here a +0 club.
There is a stone staircase leading down here.
You climb downwards.
Found a ring mail and a mace.
There is a stone staircase leading up here.
You shoot an arrow. The arrow hits the orc priest!
The orc priest shouts!
The orc priest is severely wounded.
The centaur shouts!
The orc shouts! x2; You hear an angry hiss.
The orc wizard shouts!
The centaur wields a +0 orcbow.
The centaur shoots an arrow.
The arrow hits you.
An adder comes into view.
An orc wizard comes into view. It is wielding a +0 dagger.
There are monsters nearby!
You shoot an arrow.
The arrow closely misses the orc priest.
The arrow hits the orc.
The orc is almost dead.
The centaur shoots an arrow.
The arrow completely misses you.
There are monsters nearby!
You shoot an arrow.
The arrow closely misses the orc priest.
The arrow closely misses the adder.
The centaur shoots an arrow.
The arrow hits you!
The orc throws a boomerang.
The boomerang hits you but does no damage.
The orc priest hits you with a +0 whip.
The centaur shoots an arrow.
The arrow barely misses you.
There are monsters nearby!
You shoot an arrow. The arrow barely misses the orc priest.
The arrow hits the adder!
The adder is severely wounded.
The orc barely misses you. The sleepcap closely misses you.
The orc priest looks satisfied for a moment.
The adder completely misses you. The orc hits you with a +0 hand axe.
The sleepcap releases spores at you.
You are engulfed in a cloud of soporific spores!
You fall asleep.
You stop ascending the stairs.
The orc priest hits you with a +0 whip!!
You wake up.
The orc priest hits you but does no damage.
The orc hits you but does no damage.
The sleepcap releases spores at you but does no damage.
You climb upwards.
There is a stone staircase leading down here.
As you read the scroll of teleportation, it crumbles to dust.
You feel strangely unstable. The adder closely misses you.
You furiously retaliate!
You headbutt the adder!
You kill the adder!
The orc wizard hits you but does no damage.
The orc priest closely misses you. The orc hits you but does no damage.
The sleepcap releases spores at you.
You shoot an arrow. The arrow barely misses the orc.
The orc barely misses you.
The orc wizard gestures at you while chanting.
You are confused.
The orc priest calls down the wrath of Beogh upon you.
Beogh smites you!
* * * LOW HITPOINT WARNING * * *
The sleepcap releases spores at you.
* * * LOW HITPOINT WARNING * * *
You are engulfed in a cloud of soporific spores!
You fall asleep.
The orc hits you with a +0 hand axe!
You die...

#.....### ##......# ### ##.....##
##.###......# ##...#.....###
#....###...### #...## #.....####
####### #..oo# ###...#..#
#####.....# #..@#####.......##
##.##.....# ##.o.f.##.........###
....#.....###......#...........#.
#..........#...#...รท.............
#.#............#..#####..........
#..#.............#####...#.......
..##..##..#......#.#.##.####.....
...#........###..........#.......
#.##...##...###.###...##.........


You could see a sleepcap, an orc priest, an orc wizard and an orc.

Vanquished Creatures
  A phantom (D:4)
  A bombardier beetle (D:3)
  An orc priest (D:3)
  An orc wizard (D:3)
  8 gnolls (D:2)
  4 adders
  3 dart slugs
  3 ribbon worms
  9 orcs
  5 bats
  12 endoplasms
  3 giant cockroaches
  7 goblins
  7 hobgoblins
  3 jackals
  7 kobolds
  2 quokkas
  13 ball pythons
  3 frilled lizards
  6 rats
99 creatures vanquished.

Notes
Turn   | Place    | Note
-------+----------+-------------------------------------------
     0 | D:1      | Darkkill the Minotaur Hunter began the quest for the Orb.
     0 | D:1      | Reached XP level 1. HP: 18/18 MP: 0/0
    62 | D:1      | Reached skill level 1 in Stealth
   138 | D:1      | Reached XP level 2. HP: 25/25 MP: 1/1
   735 | D:2      | Reached XP level 3. HP: 31/31 MP: 2/2
   748 | D:2      | Reached XP level 4. HP: 20/38 MP: 3/3
  1077 | D:2      | Reached skill level 5 in Ranged Weapons
  1084 | D:2      | HP: 2/40 [gnoll/+0 whip (8)]
  1548 | D:3      | Reached XP level 5. HP: 46/46 MP: 4/4
  2066 | D:3      | Found a hide-covered altar of Uskayaw.
  2211 | D:3      | Reached XP level 6. HP: 18/53 MP: 5/5
  2340 | D:3      | Found a glowing golden altar of the Shining One.
  2682 | D:4      | Found a burning altar of Makhleb.
  3052 | D:5      | Entered Level 5 of the Dungeon
  3061 | D:4      | HP: 7/53 [orc priest/divine providence (11)]
  3061 | D:4      | HP: 1/53 [sleepcap (6)]
  3062 | D:4      | Mangled by an orc

Illustrated notes

Levels and vault maps discovered:
D:1:      dpeg_arrival_round_b, layout_basic, minmay_surrounded
D:2:      layout_basic
D:3:      minmay_chambers_of_twos, layout_loops_ring, lemuel_crystal_altar,
          marbit_many_paths, hex_tiny
D:4:      layout_cave_pools, lightli_temple_of_fire
D:5:      layout_cave_pools, nicolae_overflow_two_pavilions, serial_shops, shop,
          serial_undead, serial_undead_a, serial_undead_a, serial_undead_d,
          serial_undead_d

Skill      XL: |  1  2  3  4  5  6 |
---------------+-------------------+-----
Stealth        | 1 2 3 |  3.0
Fighting       | 3 4 |  4.7
Dodging        | 3 4 |  4.2
Ranged Weapons | 5 |  5.7

Action                     |  1- 3 |  4- 6 || total
---------------------------+-------+-------++-------
   Fire: Shortbow          |    80 |   212 ||   292
    Use: Scroll            |     4 |     8 ||    12
 Armour: Leather armour    |    27 |    66 ||    93
  Dodge: Dodged            |    19 |    40 ||    59

Table legend: (Time is in decaauts)
 A = Elapsed time spent in this place.
 B = Non-inter-level travel time spent in this place.
 C = Inter-level travel time spent in this place.
 D = Time resting spent in this place.
 E = Time spent auto-exploring this place.
 F = Levels seen in this place.
 G = Mean time per level.
                   A        B        C        D        E       F      G
               +--------+--------+--------+--------+--------+-----+--------+
         Total |   3113 |   3004 |    109 |      0 |   2429 |   5 |  622.6 |
       Dungeon |   3113 |   3004 |    109 |      0 |   2429 |   5 |  622.6 |
               +--------+--------+--------+--------+--------+-----+--------+

Top non-repeatable levels by time:
     D:3: 975 daAuts
     D:2: 829 daAuts
     D:1: 695 daAuts
     D:4: 605 daAuts
     D:5: 7 daAuts

Levels and vault maps discovered:
D:1:      dpeg_arrival_round_b, layout_basic, minmay_surrounded
D:2:      layout_basic
D:3:      minmay_chambers_of_twos, layout_loops_ring, lemuel_crystal_altar,
          marbit_many_paths, hex_tiny
D:4:      layout_cave_pools, lightli_temple_of_fire
D:5:      layout_cave_pools, nicolae_overflow_two_pavilions, serial_shops, shop,
          serial_undead, serial_undead_a, serial_undead_a, serial_undead_d,
          serial_undead_d

Table legend: (Time is in decaauts)
 A = Elapsed time spent in this place.
 B = Non-inter-level travel time spent in this place.
 C = Inter-level travel time spent in this place.
 D = Time resting spent in this place.
 E = Time spent auto-exploring this place.
 F = Levels seen in this place.
 G = Mean time per level.
                   A        B        C        D        E       F      G
               +--------+--------+--------+--------+--------+-----+--------+
         Total |   3113 |   3004 |    109 |      0 |   2429 |   5 |  622.6 |
       Dungeon |   3113 |   3004 |    109 |      0 |   2429 |   5 |  622.6 |
               +--------+--------+--------+--------+--------+-----+--------+

Top non-repeatable levels by time:
     D:3: 975 daAuts
     D:2: 829 daAuts
     D:1: 695 daAuts
     D:4: 605 daAuts
     D:5: 7 daAuts

Table legend:
 A = Kills in this place as a percentage of kills in the entire game.
 B = Kills by you in this place as a percentage of kills by you in the entire game.
 C = Kills by friends in this place as a percentage of kills by friends in the entire game.
 D = Other kills in this place as a percentage of other kills in the entire game.
 E = Experience gained in this place as a percentage of experience gained in the entire game.
 F = Experience gained in this place divided by the number of levels of this place that you have seen.
                   A       B       C       D       E      F
               +-------+-------+-------+-------+-------+----------------------
         Total | 100.0 | 100.0 |   N/A |   N/A | 100.0 | 111.4
       Dungeon | 100.0 | 100.0 |   N/A |   N/A | 100.0 | 111.4
               +-------+-------+-------+-------+-------+----------------------
